Map: Coda LE

Players

Kapu (Jade) - Winner!

  • Race: Protoss Protoss
  • Spawn Location: 11:00

Laufeyson

  • Race: Terran Terran
  • Spawn Location: 5:00

Event: LycanGTV LotV Beta Tournament 1

VOD

Have the link to the VOD?

Description

Time

  • Played on: April 2, 2015, 1:03 p.m.
  • Length: 11:37

All games in this series

Show
View Real Time Build Order
Export as new Build Order

Kapu Protoss - Winner!

Build Orders: Phoenix Opening, Phoenix Opening, Zealot Archon, Zealot Templar 

Get SALT Encoding   

  12  0:01  Probe  
  13  0:14  Pylon  
  13  0:18  Probe  
  14  0:32  Probe (Chrono Boost)  
  14  0:33  Gateway  
  16  0:43  Probe (Chrono Boost)  
  16  0:49  Probe  
  17  1:00  Assimilator  
  17  1:01  Probe (Chrono Boost)  
  17  1:02  Assimilator  
  19  1:12  Probe (Chrono Boost), Pylon  
  19  1:18  Probe  
  19  1:22  Cybernetics Core  
  20  1:30  Probe (Chrono Boost)  
  21  1:45  Probe (Chrono Boost)  
  22  1:58  Nexus  
  22  2:07  Mothership Core (Chrono Boost)  
  24  2:11  Warp Gate  
  24  2:23  Stargate  
  24  2:26  Probe  
  25  2:33  Stalker  
  27  2:39  Probe  
  28  2:45  Pylon  
  28  2:54  Probe (Chrono Boost)  
  29  3:04  Probe (Chrono Boost)  
  30  3:06  Phoenix (Chrono Boost)  
  30  3:11  Probe  
  30  3:12  Probe  
  34  3:24  Probe  
  34  3:26  Phoenix (Chrono Boost)  
  37  3:31  Probe  
  38  3:36  Probe  
  39  3:42  Stalker  
  39  3:43  Probe  
  39  3:48  Probe  
  45  3:49  Phoenix (Chrono Boost)  
  45  3:55  Probe  
  46  4:00  Probe  
  47  4:04  Pylon  
  47  4:05  Phoenix (Chrono Boost)  
  47  4:07  Probe  
  50  4:12  Probe  
  51  4:19  Probe  
  52  4:24  Probe, Gateway  
  52  4:25  Gateway  
  52  4:27  Phoenix (Chrono Boost)  
  55  4:32  Assimilator  
  55  4:34  Probe  
  55  4:35  Assimilator  
  55  4:36  Probe  
  57  4:46  Probe, Protoss Air Weapons Level 1  
  57  4:48  Probe, Pylon  
  57  4:52  Stalker  
  59  4:58  Probe  
  60  5:05  Pylon  
  60  5:06  Probe, Phoenix (Chrono Boost)  
  63  5:09  Stalker  
  63  5:10  Probe  
  66  5:18  Probe  
  66  5:20  Forge  
  67  5:26  Probe  
  67  5:27  Phoenix (Chrono Boost)  
  70  5:34  Twilight Council, Gateway  
  70  5:37  Probe  
  71  5:44  Stalker, Gateway  
  71  5:47  Stalker  
  75  6:02  Probe  
  74  6:05  Probe  
  74  6:11  Charge  
  75  6:14  Probe  
  75  6:15  Protoss Ground Weapons Level 1 (Chrono Boost)  
  76  6:19  Pylon x2  
  76  6:34  Probe  
  76  6:35  Phoenix (Chrono Boost)  
  76  6:37  Nexus  
  73  6:41  Pylon  
  73  6:44  Probe (Chrono Boost)  
  73  6:46  Templar Archives, Gateway  
  74  6:47  Probe (Chrono Boost)  
  74  6:49  Forge  
  76  6:54  Phoenix (Chrono Boost)  
  76  6:55  Probe (Chrono Boost)  
  76  6:58  Probe (Chrono Boost)  
  76  7:00  Zealot  
  76  7:01  Zealot  
  83  7:03  Zealot  
  83  7:07  Probe (Chrono Boost)  
  87  7:09  Probe (Chrono Boost)  
  87  7:15  Probe (Chrono Boost)  
  88  7:17  Probe (Chrono Boost)  
  88  7:19  Psionic Storm  
  89  7:23  Protoss Ground Armor Level 1 (Chrono Boost)  
  89  7:24  Probe  
  89  7:28  Probe, Assimilator  
  91  7:30  Assimilator  
  91  7:32  High Templar  
  91  7:34  High Templar  
  96  7:41  Archon  
  96  7:44  Zealot x2  
  98  7:46  Photon Cannon  
  87  8:00  Zealot x2  
  87  8:07  Probe  
  88  8:12  Zealot  
  88  8:13  Zealot x2  
  88  8:18  Photon Cannon  
  94  8:22  Photon Cannon  
  94  8:25  Robotics Facility, High Templar x3  
  100  8:29  Probe x3  
  100  8:31  Archon  
  103  8:42  Probe x2 (Chrono Boost)  
  103  8:46  High Templar  
  103  8:47  Zealot x2  
  108  8:50  Probe (Chrono Boost)  
  110  8:56  Gateway  
  110  8:57  Gateway  
  110  8:59  Probe (Chrono Boost)  
  110  9:00  Probe (Chrono Boost)  
  110  9:02  Probe (Chrono Boost)  
  112  9:05  Probe  
  112  9:07  High Templar  
  113  9:11  Pylon  
  113  9:13  Observer (Chrono Boost)  
  113  9:14  Protoss Ground Weapons Level 2 (Chrono Boost)  
  114  9:23  Pylon  
  114  9:25  Protoss Ground Armor Level 2 (Chrono Boost), Pylon  
  114  9:27  Pylon x2  
  114  9:29  Probe  
  115  9:33  High Templar x2  
  115  9:35  Probe x2  
  121  9:43  Observer  
  122  9:54  Zealot  
  122  9:55  Zealot x3  
  130  10:01  Gateway  
  130  10:05  Gateway x2  
  130  10:06  Robotics Facility  
  130  10:11  Robotics Bay  
  130  10:17  Warp Prism (Chrono Boost)  
  130  10:19  Probe  
  133  10:21  Dark Shrine  
  133  10:23  Zealot x2  
  131  10:32  Zealot x5  
  131  10:33  Zealot  
  143  10:42  High Templar  
  145  10:48  Zealot, High Templar x2  
  151  10:54  High Templar  
  153  10:58  Pylon  
  153  11:02  Pylon  
  151  11:13  Zealot  
  151  11:14  Photon Cannon  
  151  11:18  Photon Cannon  
  153  11:25  Robotics Facility  
  153  11:32  Archon x2  
  123  11:36  Zealot  
Show
View Real Time Build Order
Export as new Build Order

Laufeyson Terran 

Build Orders: Bio Mine 

Get SALT Encoding   

  12  0:01  SCV  
  13  0:13  SCV  
  14  0:20  Supply Depot  
  14  0:25  SCV  
  15  0:42  SCV  
  16  0:45  Barracks  
  16  0:48  Refinery  
  16  0:54  SCV  
  17  1:06  SCV  
  18  1:18  SCV  
  19  1:31  Orbital Command  
  19  1:32  Marine  
  20  1:54  Marine  
  20  2:00  Command Center  
  21  2:01  SCV  
  21  2:08  Factory, Refinery  
  22  2:14  Barracks Reactor  
  22  2:17  SCV  
  23  2:26  Supply Depot  
  23  2:40  Supply Depot  
  23  2:47  SCV  
  23  2:50  Marine x2  
  26  2:51  Factory Tech Lab  
  26  2:53  Starport  
  26  3:00  SCV, Missile Turret  
  27  3:09  Marine x2  
  29  3:19  SCV  
  30  3:21  Orbital Command  
  33  3:29  Marine  
  33  3:31  Medivac  
  35  3:38  Cyclone  
  35  3:40  Missile Turret  
  36  3:42  Marine  
  36  3:47  SCV x2  
  39  3:55  Marine  
  40  3:59  SCV  
  40  4:00  Marine  
  42  4:04  Medivac  
  42  4:06  SCV  
  45  4:12  Marine  
  45  4:14  SCV  
  45  4:15  Cyclone  
  50  4:20  SCV  
  51  4:26  Supply Depot  
  51  4:30  SCV, Marine  
  53  4:34  Starport Tech Lab  
  53  4:36  Barracks  
  53  4:38  Barracks  
  53  4:42  Marine  
  54  4:47  Supply Depot, SCV x2  
  56  4:59  SCV x2  
  58  5:03  Supply Depot  
  58  5:05  Marine x2  
  60  5:07  Widow Mine  
  60  5:11  SCV x2  
  60  5:12  Supply Depot  
  64  5:37  Marine  
  64  5:38  Marine  
  66  5:43  Widow Mine, Starport Reactor  
  66  5:48  SCV  
  52  6:12  Combat Shields, Stimpack  
  52  6:13  Marine x4  
  52  6:15  SCV x2  
  52  6:18  Command Center  
  55  6:21  Engineering Bay x2  
  55  6:25  Medivac x2  
  59  6:28  Barracks x2  
  59  6:30  Marine  
  59  6:31  Marine x3  
  58  6:36  SCV  
  59  6:41  Factory Tech Lab  
  59  6:44  SCV  
  60  6:48  SCV, Marine  
  60  6:49  Marine x2  
  60  6:54  Terran Infantry Armor Level 1  
  64  6:56  SCV  
  64  6:57  Marine  
  64  6:58  Refinery x2  
  64  7:00  Terran Infantry Weapons Level 1  
  64  7:01  SCV  
  67  7:05  Cyclone  
  67  7:06  Marine  
  67  7:07  Marine x2  
  73  7:11  SCV  
  73  7:13  SCV  
  75  7:16  Marine  
  75  7:17  Supply Depot  
  75  7:18  Supply Depot, Barracks Tech Lab  
  75  7:20  Supply Depot  
  75  7:21  Supply Depot  
  76  7:23  Supply Depot x2, SCV  
  77  7:32  SCV  
  77  7:33  Marauder, Marine x2  
  77  7:35  SCV  
  77  7:36  Barracks Reactor  
  85  7:37  Marine, Marauder  
  83  7:44  SCV  
  84  7:54  Widow Mine, Marine x2  
  84  7:55  Medivac, Marauder  
  92  8:05  Marauder, Marine  
  94  8:06  Medivac  
  94  8:09  SCV  
  94  8:12  Marine x2  
  94  8:22  Marine x3  
  94  8:23  Marine  
  98  8:31  Widow Mine  
  100  8:35  Marine x2  
  100  8:36  Missile Turret x2, Marauder  
  100  8:38  Factory  
  100  8:40  Marine  
  105  8:44  Armory  
  105  8:52  SCV x2  
  105  8:58  Marauder, Marine x3  
  105  8:59  Medivac  
  105  9:01  Marine x2  
  114  9:09  SCV  
  116  9:10  SCV, Orbital Command  
  116  9:14  Widow Mine  
  118  9:18  Marauder, Marine  
  121  9:29  SCV x2  
  121  9:31  Medivac x2  
  127  9:32  Marauder x2  
  127  9:33  Widow Mine  
  127  9:34  Widow Mine  
  135  9:42  Marine x2  
  135  9:43  Marine x2  
  135  9:44  Drilling Claws  
  135  9:45  Widow Mine  
  139  9:52  SCV  
  139  9:53  SCV  
  139  9:56  Marauder, Marine  
  139  9:59  Refinery x2  
  143  10:02  Widow Mine  
  143  10:03  Supply Depot  
  145  10:08  Supply Depot  
  145  10:09  Supply Depot, Marauder, Marine x2  
  149  10:22  Supply Depot  
  149  10:23  Supply Depot  
  149  10:24  Supply Depot, SCV, Marine x2  
  149  10:25  Marauder  
  149  10:27  Marine  
  153  10:32  Supply Depot  
  153  10:36  Widow Mine x3  
  153  10:37  Marauder  
  161  10:44  Marauder, Medivac, Marine x2  
  167  10:55  Supply Depot  
  167  11:02  Marine  
  167  11:03  Marauder, Marine x3  
  173  11:06  SCV x2  
  173  11:11  Marauder  

Tags
 
Add a new tag
Caveats
  • Supply blocks, unpowered buildings, or Contaminate may cause inaccurate times.
  • Supply counts are checked every 10 seconds.